[gd_scene load_steps=9 format=2]

[ext_resource path="res://Fonts/Alien Learns To Write.ttf" type="DynamicFontData" id=1]
[ext_resource path="res://Assets/ONEYE/Ban[1290].png" type="Texture" id=2]
[ext_resource path="res://Button.gd" type="Script" id=3]

[sub_resource type="DynamicFontData" id=2]
font_path = "res://Fonts/Alien Learns To Write.ttf"

[sub_resource type="DynamicFont" id=3]
size = 70
outline_size = 5
outline_color = Color( 0.301961, 0.290196, 0.290196, 1 )
font_data = SubResource( 2 )

[sub_resource type="DynamicFont" id=1]
size = 55
outline_size = 5
outline_color = Color( 0.313726, 0.290196, 0.290196, 1 )
font_data = ExtResource( 1 )

[sub_resource type="DynamicFontData" id=4]
font_path = "res://Fonts/Alien Learns To Write.ttf"

[sub_resource type="DynamicFont" id=5]
size = 35
font_data = SubResource( 4 )

[node name="Controles y Gameplay" type="Node"]

[node name="TextureRect" type="TextureRect" parent="."]
margin_left = -81.0
margin_right = 1101.0
margin_bottom = 632.0
texture = ExtResource( 2 )
expand = true
__meta__ = {
"_edit_use_anchors_": false
}

[node name="RichTextLabel" type="RichTextLabel" parent="."]
margin_left = 296.073
margin_top = 95.3104
margin_right = 696.073
margin_bottom = 295.31
rect_scale = Vector2( 1.43575, 1.29173 )
custom_fonts/normal_font = SubResource( 3 )
text = "Controles:
"
scroll_active = false
__meta__ = {
"_edit_use_anchors_": false
}

[node name="RichTextLabel2" type="RichTextLabel" parent="."]
margin_left = 244.016
margin_top = 297.031
margin_right = 744.016
margin_bottom = 597.031
rect_scale = Vector2( 1.43575, 1.29173 )
custom_fonts/normal_font = SubResource( 1 )
text = "Espacio: Saltar"
scroll_active = false
__meta__ = {
"_edit_use_anchors_": false
}

[node name="Button" type="Button" parent="."]
margin_left = 393.68
margin_top = 462.004
margin_right = 593.68
margin_bottom = 532.004
custom_fonts/font = SubResource( 5 )
text = "Regresar"
script = ExtResource( 3 )
__meta__ = {
"_edit_use_anchors_": false
}
[connection signal="pressed" from="Button" to="Button" method="_on_Button_pressed"]
